 Dungeon Crawl Stone Soup version 0.31.0-4-g52a2dc7128 (webtiles) character file.

Game seed: 11422186760817991431

1430 Aviak the Insei (level 8, -5/57 HPs)
             Began as an Octopode Shapeshifter on Jan 22, 2024.
             Was an Initiate of Gozag.
             Slain by a hornet (15 damage)
             ... on level 7 of the Dungeon.
             The game lasted 00:08:51 (5539 turns).

Aviak the Insei (Octopode Shapeshifter)             Turns: 5539, Time: 00:08:52

Health: -5/57      AC:  3    Str: 13    XL:     8   Next: 73%
Magic:  8/8        EV: 17    Int: 12    God:    Gozag
Gold:   524        SH:  2    Dex: 14    Spells: 7/7 levels left

rFire   . .          .
                       - Unarmed
rCold   . . .        (no shield)
rNeg    + . .        (helmet currently unavailable)
rPois   .            x - amulet of the acrobat
rElec   .            g - ring of positive energy
rCorr   .            B - ring of the Octopus King {Wiz HP+2 AC+2 EV+2 SH+2}
SInv    .            (no ring)
Will    .....        (no ring)
Stlth   ++           (no ring)
HPRegen 0.29/turn    (no ring)
MPRegen 0.11/turn    (no ring)
                     (no ring)

%: acrobat, wizardry (x1)
@: beast-form, slowed, very slow
A: beast (slay +3), almost no armour, amphibious, 8 rings, camouflage 1,
gelatinous body 1, (nimble swimmer 1), tentacles
a: Begin Untransformation, Renounce Religion, Potion Petition, Call Merchant,
Bribe Branch


You were on level 7 of the Dungeon.
You worshipped Gozag.
Gozag was pleased with you.
You were a hulking beast.
You visited 2 branches of the dungeon, and saw 8 of its levels.
You also visited: Sewer.

You collected 647 gold pieces.
You paid 123 gold pieces to Gozag.

Inventory:

Missiles
 j - a throwing net (quivered) {!f}
Magical Staves
 e - a staff of air {rElec}
Jewellery
 g - a ring of positive energy (left tentacle)
 x - an amulet of the acrobat (around mantle)
 B - a ring of the Octopus King (right tentacle) {Wiz HP+2 AC+2 EV+2 SH+2}
   (You found it on level 5 of the Dungeon)

   [ring of wizardry]

   Wiz:       It improves your spell success rate.
   AC+2:      It affects your AC (+2).
   EV+2:      It affects your evasion (+2).
   HP+2:      It affects your health (+2).
   SH+2:      It affects your SH (+2).
Talismans
 b - a beast talisman (active)
 u - a flux talisman
Wands
 r - a wand of flame (45)
Scrolls
 d - a scroll of vulnerability {!r}
 f - a scroll of enchant armour
 i - a scroll of fog {unknown}
 k - a scroll of torment {unknown}
 l - 7 scrolls of identify {unknown}
 m - a scroll of poison {unknown}
 o - a scroll of enchant weapon {unknown}
 t - 2 scrolls of fear {unknown}
 v - a scroll of brand weapon {unknown}
 y - 4 scrolls of teleportation {unknown}
 z - a scroll of immolation {unknown}
 D - a scroll of amnesia {unknown}
Potions
 a - a potion of attraction {unknown}
 c - 2 potions of curing
 h - a potion of resistance {unknown}
 n - a potion of enlightenment {unknown}
 p - 2 potions of brilliance {unknown}
 q - 2 potions of heal wounds {unknown}
 s - a potion of haste {unknown}
 w - a potion of degeneration {unknown}
 A - 2 potions of cancellation {unknown}
 C - a potion of might {unknown}
 E - a potion of berserk rage {unknown}
 F - a potion of invisibility {unknown}


   Skills:
 + Level 5.1 Fighting
 + Level 5.5 Dodging
 + Level 6.0 Unarmed Combat
 + Level 5.6 Shapeshifting


You had 7 spell levels left.
You didn't know any spells.
Your spell library contained the following spells:

 Spells                   Type           Power      Damage    Failure   Level
 Lesser Beckoning         Tloc           0%         N/A       21%         2
 Gell's Gravitas          Tloc           0%         N/A       36%         3
 Teleport Other           Tloc           0%         N/A       36%         3


Dungeon Overview and Level Annotations

Branches:
Dungeon (7/15)             Temple (1/1) D:5           Sewer (visited)

Altars:
Ashenzari
Cheibriados
Elyvilon
Fedhas
Gozag
Hepliaklqana
Kikubaaqudgha
Makhleb
Nemelex Xobeh
Okawaru
Ru
Sif Muna
Trog
Uskayaw
Wu Jian
Xom
Yredelemnul
Zin
The Shining One

Annotations:
D:5 1 runed translucent door, Armakuni's ghost, novice DrHu


Innate Abilities, Weirdness & Mutations

You are a hulking beast.
Your limbs bulge with bestial killing power. (Slay +3)
You cannot wear most types of armour.
You are amphibious.
You can wear up to eight rings at the same time.
Your skin changes colour to match your surroundings (Stealth+).
Your rubbery body absorbs attacks. (AC +1, EV +1)
((You are camouflaged when in or above water. (Stealth+)))
You have tentacles for arms and can constrict up to eight enemies at once.


Message History

You squeeze the hornet.
The hornet is moderately wounded.
You feel yourself speed up.
You constrict the hornet. The hornet barely misses you.
You tentacle-slap the hornet.
You squeeze the hornet, but do no damage.
The hornet is heavily wounded.
You constrict the hornet. The hornet misses you. The hornet stings you!
You are poisoned.
You feel yourself slow down.
You tentacle-slap the hornet but do no damage.
Your squeeze misses the hornet.
The hornet is heavily wounded.
You constrict the hornet.
You feel very sick. The hornet barely misses you. The hornet stings you!
* * * LOW HITPOINT WARNING * * *
You are lethally poisoned!
You feel as though you will be slow longer.
Unknown command.
It was a potion of curing.
You feel better.
c - 3 potions of curing;
u - a flux talisman You constrict the hornet.
The hornet stings you!
* * * LOW HITPOINT WARNING * * *
You are lethally poisoned!
You feel as though you will be slow longer.
The hornet stings you.
* * * LOW HITPOINT WARNING * * *
You feel as though you will be slow longer.
The howler monkey hoots and howls with incredible vigour!
The howler monkey howls!
You hear an angry hiss.
You hear a shout! x2
Unknown command.
You feel better.
You constrict the hornet. You block the hornet's attack. The hornet misses you.
The howler monkey closely misses you.
You barely miss the hornet.
You squeeze the hornet, but do no damage.
The hornet is almost dead.
You constrict the hornet. The hornet stings you!
You die...
Your body crumbles into a pile of gold.

#.#.#..... #####..##
#.#.#..### ........#
#.#.#.##.. ........#
#.#.#.##.# ........#
#.#..).... ........#
#.#.####.. ........#
##...# #..
#.......######...)####..
#....hh)#.......<......
#[.h..y#)..#############
.......###.# #...... #>#
##..... #.# #...... #+#
.....#. ....##.


You could see a hornet and 2 howler monkeys.

Vanquished Creatures
  A yak (D:6)
  An ogre (D:5)
  2 centaurs (D:7)
  A crocodile (Sewer)
  A phantom (D:5)
  A kobold brigand (D:5)
  2 electric eels (D:3)
  2 howler monkeys
  A bombardier beetle (D:5)
  2 hounds
  2 orc priests
  2 sleepcaps (D:5)
  Natasha (twice) (D:2)
  Terence (D:2)
  4 iguanas
  2 orc wizards
  3 gnolls (D:5)
  6 adders
  A white imp (D:6)
  2 ufetubi (D:6)
  3 ribbon worms
  5 dart slugs
  21 orcs
  3 ball pythons
  6 bats
  8 endoplasms
  3 giant cockroaches
  6 goblins
  9 hobgoblins
  5 jackals
  10 kobolds
  4 quokkas
  2 frilled lizards
  9 rats
133 creatures vanquished.

Notes
Turn   | Place    | Note
-------+----------+-------------------------------------------
     0 | D:1      | Aviak the Octopode Shapeshifter began the quest for the
                  | Orb.
     0 | D:1      | Reached XP level 1. HP: 13/13 MP: 1/1
   138 | D:1      | Reached XP level 2. HP: 18/18 MP: 2/2
   324 | D:1      | Reached XP level 3. HP: 23/23 MP: 3/3
   406 | D:1      | Found a faded altar of an unknown god.
   616 | D:2      | Noticed Natasha
   624 | D:2      | Killed Natasha
   625 | D:2      | Reached XP level 4. HP: 21/29 MP: 4/4
   824 | D:2      | Noticed Natasha
   833 | D:2      | Killed Natasha
   943 | D:2      | Reached XP level 5. HP: 35/35 MP: 5/5
   966 | D:2      | Noticed Terence
   978 | D:2      | Killed Terence
  1344 | D:3      | Found a transporter.
  1557 | D:3      | Found a transporter.
  1640 | D:3      | Reached skill level 4 in Unarmed Combat
  1643 | D:3      | Reached XP level 6. HP: 41/41 MP: 6/6
  1984 | D:3      | Found a glowing golden altar of the Shining One.
  2482 | D:4      | Found a glowing drain.
  2486 | Sewer    | Entered a sewer
  2572 | Sewer    | Reached XP level 7. HP: 29/46 MP: 7/7
  3320 | D:5      | Entered Level 5 of the Dungeon
  3426 | D:5      | Found a staircase to the Ecumenical Temple.
  3434 | Temple   | Entered the Ecumenical Temple
  3445 | Temple   | Became a worshipper of Gozag Ym Sagoz the Greedy
  3496 | D:5      | Found the ring of the Octopus King
  3509 | D:5      | Identified a ring of the Octopus King {Wiz HP+2 AC+2 EV+2
                  | SH+2}
  3806 | D:5      | Reached skill level 5 in Unarmed Combat
  3900 | D:5      | Found a runed translucent door.
  3901 | D:5      | Noticed Armakuni's ghost (novice DrHu)
  4147 | D:5      | HP: 3/75 [ogre/+0 giant club (20)]
  4352 | D:5      | Reached skill level 5 in Shapeshifting
  4352 | D:5      | Reached XP level 8. HP: 54/54 MP: 8/8
  4699 | D:6      | Found a broken altar of Ashenzari.
  5150 | D:6      | Found an iron altar of Okawaru.
  5262 | D:7      | Reached skill level 5 in Dodging
  5278 | D:6      | Noticed a yak
  5282 | D:6      | Killed a yak
  5314 | D:6      | Noticed a cyclops
  5360 | D:7      | Reached skill level 5 in Fighting
  5445 | D:7      | Reached skill level 6 in Unarmed Combat
  5454 | D:7      | Noticed a hornet
  5539 | D:7      | Slain by a hornet

Illustrated notes

Levels and vault maps discovered:
D:1:      zaba_arrival_water, layout_rooms,
          shapermc_ecumenical_altar_mp_urbaneastern, minmay_indecisive_spiral
D:2:      layout_rooms, uniq_natasha, uniq_terence
D:3:      gammafunk_steamed_eel, layout_loops_corners,
          mainiacjoe_overflow_surrounded_room
D:4:      layout_gridville, gup_sewer_entry_bowl
D:5:      cheibrodos_quashed, layout_loops_ring, minmay_temple_entry_ruins,
          gammafunk_ghost_grave
D:6:      minmay_klotski, layout_loops_ring, evilmike_ruin_ashenzari,
          lemuel_coloured_pillars_altar
D:7:      layout_basic, vehumet_crystals, nicolae_shop_i_like_big_books
Temple:   eino_temple_scatter_basement

Skill      XL: |  1  2  3  4  5  6  7  8 |
---------------+-------------------------+-----
Fighting       | 2 3 4 5 |  5.1
Dodging        | 3 4 5 |  5.5
Unarmed Combat | 4 5 6 |  6.0
Shapeshifting  | 4 5 |  5.6

Action                     |  1- 3 |  4- 6 |  7- 9 || total
---------------------------+-------+-------+-------++-------
  Melee: Unarmed           |    57 |   108 |   150 ||   315
         Tentacles         |     6 |    23 |    40 ||    69
         Punch             |     2 |     3 |     8 ||    13
         Constrict         |    11 |    24 |    32 ||    67
  Evoke: Wand              |       |     7 |     8 ||    15
    Use: Scroll            |       |     2 |       ||     2
         Potion            |       |       |     4 ||     4
   Stab: Sleeping          |     2 |     3 |     6 ||    11
 Armour: Skin              |    11 |    48 |    63 ||   122
  Dodge: Dodged            |    38 |    59 |    92 ||   189
  Block: Other             |       |       |     6 ||     6
   Form: Beast             |     1 |       |       ||     1
